 Dungeon Crawl Stone Soup version 0.31-a0-691-g409c26aa35 (webtiles) character file.

Game seed: 15221161040350353045

367023 demibob the Slayer (level 21, -4/190 HPs)
             Began as a Demonspawn Chaos Knight on Sept 5, 2023.
             Was a High Priest of Lugonu.
             Killed from afar by Azrael (28 damage)
             ... with damnation
             ... on level 3 of the Abyss on Sept 6, 2023.
             The game lasted 02:12:51 (46377 turns).

demibob the Slayer (Demonspawn Chaos Knight)       Turns: 46377, Time: 02:12:52

Health: -4/190     AC: 34    Str: 18    XL:     21   Next: 61%
Magic:  27/27      EV: 31    Int: 14    God:    Lugonu [*****.]
Gold:   273        SH:  5    Dex: 31    Spells: 20/20 levels left

rFire   . . .        a - +9 halberd (distort)
rCold   + . .        (shield currently unavailable)
rNeg    + . .        O - +11 Cigotuvi's embrace {Corpsefed rMiasma Drain rN+}
rPois   .            X - +2 hat {Will+}
rElec   +            (cloak unavailable)
rCorr   .            P - +1 pair of gloves "Qiquruir" {Dex+4 Slay+3}
SInv    .            J - +0 pair of boots of Voty {rElec Int+3 Dex+2}
Will    ++...        n - amulet of reflection
Stlth   ++           T - +4 ring of protection
HPRegen 0.51/turn    t - +4 ring of protection
MPRegen 0.20/turn

%: reflection
@: studying 5 skills
A: icy blue scales 3, demonic guardian 2, powered by pain 3, weakness stinger 3,
claws 2, agile 2, low MP 2, mutation resistance 1, shaggy fur 1
}: 2/15 runes: barnacled, gossamer
a: Renounce Religion, Depart the Abyss, Banish, Corrupt, Enter the Abyss


You were on level 3 of the Abyss.
You worshipped Lugonu.
Lugonu was extremely pleased with you.
You visited 8 branches of the dungeon, and saw 37 of its levels.
You visited the Abyss 3 times.
You also visited: Bailey, Gauntlet, Ice Cave and Wizlab.

You collected 4686 gold pieces.
You spent 4413 gold pieces at shops.


Innate Abilities, Weirdness & Mutations

You are completely covered in icy blue scales. (AC +4, rC+)
A demonic guardian rushes to your aid.
You are powered by pain.
You have a sharp stinger which inflicts weakening toxins.
You have very sharp fingernails.
You are very agile. (Dex +8, Str/Int -2)
Your magical capacity is very low. (-20% MP)
You are somewhat resistant to further mutation.
You are covered in fur. (AC +1)


   Skills:
 - Level 22.7 Fighting
 + Level 14.8 Polearms
 - Level 12.3 Armour
 - Level 17.1 Dodging
 + Level 19.2 Invocations
 + Level 12.1 Evocations


You had 20 spell levels left.
You didn't know any spells.
Your spell library contained the following spells:

 Spells                   Type           Power      Damage    Failure   Level
 Apportation              Tloc           0%         N/A       32%         1
 Foxfire                  Conj/Fire      0%         2x1d4     32%         1
 Magic Dart               Conj           0%         1d3       32%         1
 Necrotise                Necr           0%         1d4       32%         1
 Slow                     Hex            0%         N/A       32%         1
 Summon Small Mammal      Summ           0%         N/A       32%         1
 Blink                    Tloc           0%         N/A       45%         2
 Cigotuvi's Dreadful Rot  Necr/Pois/Air  0%         N/A       45%         2
 Ensorcelled Hibernation  Hex/Ice        0%         N/A       45%         2
 Lesser Beckoning         Tloc           0%         N/A       45%         2
 Momentum Strike          Conj/Tloc      0%         3d8       45%         2
 Searing Ray              Conj           0%         2d4       45%         2
 Call Canine Familiar     Summ           0%         N/A       69%         3
 Confusing Touch          Hex            0%         N/A       69%         3
 Hailstorm                Conj/Ice       0%         3d3       69%         3
 Ignite Poison            Fire/Tmut/Pois 0%         N/A       69%         3
 Inner Flame              Hex/Fire       0%         N/A       69%         3
 Ozocubu's Armour         Ice            0%         N/A       69%         3
 Portal Projectile        Hex/Tloc       0%         N/A       69%         3
 Summon Guardian Golem    Hex/Summ       0%         N/A       69%         3
 Tukima's Dance           Hex            0%         N/A       69%         3
 Vampiric Draining        Necr           0%         2d6       69%         3
 Anguish                  Hex/Necr       0%         N/A       97%         4
 Animate Dead             Necr           0%         N/A       97%         4
 Cause Fear               Hex            0%         N/A       97%         4
 Fulminant Prism          Conj/Hex       0%         3d5       97%         4
 Leda's Liquefaction      Hex/Erth       0%         N/A       97%         4
 Passage of Golubria      Tloc           0%         N/A       97%         4
 Summon Ice Beast         Ice/Summ       0%         N/A       97%         4
 Vhi's Electric Charge    Tloc/Air       0%         N/A       97%         4
 Agony                    Necr           0%         N/A       100%        5
 Arcjolt                  Conj/Air       0%         1d10      100%        5
 Freezing Cloud           Conj/Ice/Air   0%         6-21      100%        5
 Metabolic Englaciation   Hex/Ice        0%         N/A       100%        5
 Silence                  Hex/Air        0%         N/A       100%        5
 Yara's Violent Unravell  Hex/Tmut       0%         3d3       100%        5
 Plasma Beam              Fire/Air       0%         2x1d10    100%        6
 Simulacrum               Ice/Necr       0%         N/A       100%        6
 Starburst                Conj/Fire      0%         6d3       100%        6
 Enfeeble                 Hex            0%         N/A       100%        7
 Haunt                    Necr/Summ      0%         N/A       100%        7
 Orb of Destruction       Conj           0%         9d5       100%        7
 Ozocubu's Refrigeration  Ice            0%         4d7       100%        7
 Spellforged Servitor     Conj/Summ      0%         N/A       100%        7
 Infestation              Necr           0%         N/A       100%        8
 Maxwell's Capacitive Co  Air            0%         ∞         100%        8
 Chain Lightning          Conj/Air       0%         N/A       100%        9
 Fire Storm               Conj/Fire      0%         5d1       100%        9
 Shatter                  Erth           0%         3d5*      100%        9

Inventory:

Hand Weapons
 a - a +9 halberd of distortion (weapon)
 g - a +0 demon trident of protection
Missiles
 V - 24 curare-tipped darts {=f}
 W - 4 throwing nets {=f}
Armour
 f - quicksilver dragon scales
 E - a +3 chain mail of poison resistance
 J - the +0 pair of boots of Voty (worn) {rElec Int+3 Dex+2}
   (You bought it in a shop on level 10 of the Dungeon)

   Int+3:     It affects your intelligence (+3).
   Dex+2:     It affects your dexterity (+2).
   rElec:     It insulates you from electricity.
 O - the +11 Cigotuvi's embrace (worn) {Corpsefed rMiasma Drain rN+}
   (You found it on level 11 of the Dungeon)

   Corpsefed: It gathers nearby corpses to temporarily increase the armour it
   provides.
   rMiasma:   It protects you from foul pestilence.
   rN+:       It protects you from negative energy.
   Drain:     It drains your maximum health when unequipped.
 P - the +1 pair of gloves "Qiquruir" (worn) {Dex+4 Slay+3}
   (You found it in an ice cave)

   Dex+4:     It affects your dexterity (+4).
   Slay+3:    It affects your accuracy & damage with ranged weapons and melee
   (+3).
 X - a +2 hat of willpower (worn)
Jewellery
 c - a ring of protection from cold
 j - a +4 ring of protection
 n - an amulet of reflection (around neck)
 t - a +4 ring of protection (right hand)
 B - the ring "Goaxuem" {rC+ rN+ rCorr MP+9 Dex-4}
   (You found it on level 8 of the Dungeon)

   [ring of magical power]

   Dex-4:     It affects your dexterity (-4).
   rC+:       It protects you from cold.
   rN+:       It protects you from negative energy.
   MP+9:      It affects your magic capacity (+9).
   rCorr:     It protects you from acid and corrosion.
 I - a +4 ring of protection
 L - a ring of flight
 M - an amulet of faith {!P}
 T - a +4 ring of protection (left hand)
Wands
 e - a wand of paralysis (24)
 h - a wand of digging (13)
 s - a wand of quicksilver (13)
 v - a wand of iceblast (13)
 w - a wand of flame (66)
 y - a wand of mindburst (25)
 R - a wand of polymorph (14)
Scrolls
 k - a scroll of immolation
 x - 18 scrolls of identify {@r1}
 D - 2 scrolls of silence {!r}
 G - 10 scrolls of enchant armour
 H - a scroll of vulnerability
Potions
 d - 8 potions of enlightenment
 l - 3 potions of haste {@q3}
 m - 3 potions of resistance
 o - a potion of berserk rage {!q}
 p - 4 potions of might
 q - 9 potions of brilliance
 u - 7 potions of invisibility
 A - 3 potions of ambrosia
 F - a potion of cancellation
 U - 4 potions of lignification
 Y - 2 potions of mutation
Miscellaneous
 i - a condenser vane (inert)
 z - a sack of spiders
 Q - a phial of floods
 S - a lightning rod (4/4)

Dungeon Overview and Level Annotations

Branches:
Dungeon (15/15)            Temple (0/1) D:7            Lair (5/5) D:10
 Shoals (4/4) Lair:2       Spider (4/4) Lair:2        Slime (0/5) Lair:4
    Orc (2/2) D:11            Elf (2/3) Orc:2        Vaults (4/5) D:14
  Crypt (0/3) Vaults:2     Depths (1/4) D:15         Bailey (visited)
  IceCv (visited)          WizLab (visited)         Gauntlet (visited)

Altars:
Sif Muna
Trog
Wu Jian

Shops:
D:10 [   D:12 =   D:13 *   D:14 ?   Orc:2 *[[(   Elf:1 :=:   Shoals:1 *
Vaults:2 :   Vaults:3 [

Portals:
Trove: D:12 (give +5 demon whip)

Annotations:
D:5 4 runed translucent doors, Crazy Yiuf; Selrock's ghost, novice MiMo
Lair:4 exclusion: oklob plant
Shoals:2 2 runed translucent doors, killozap's ghost, adept DsNe
Spider:4 corrupted
Orc:2 3 runed translucent doors, Joey1's ghost, journeyman TrSh; MathMan16's ghost, journeyman MiBe
Elf:2 3 runed translucent doors
Vaults:1 2 transporters, LobsterGuardian's ghost, adept DrCj
Abyss:1 Arachne
Abyss:3 Azrael; Roxanne

▒ ▒. #.... 8 . .
. ▒.... .... ▒▒▒▒
..... . ▒ .. ▒@▒.
. .. ▒...§§2▒▒ ..
. ...§§R§§.. . ..
........§§.......
░....... ... . .
.#.. .. ...... ..
#......... .. ..
#.▒ ..▒.. .... .
. .. ▒ . ▒ . ...
.


You could see Azrael (ally target, magic disrupted) and a friendly lorocyproca
(summoned, invisible).


Message History

Aim: a large abomination (almost destroyed, ally target, about 13% to evade your +9 halberd of distortion)
You reach to attack!
You slash the large abomination!
You destroy the large abomination!
Your lorocyproca hits Azrael!
Azrael's magic leaks into the air.
Reach: a) +9 halberd (distort)
Press: ? - help, Dir - move target, f - Azrael
Aim: Azrael, wielding a +0 scimitar of flaming (black smoke, moderately wounded, ally target, magic disrupted, about 11% to evade your +9 halberd of distortion)
You could not reach far enough!
A chunk of your corpse armour falls away.
Azrael falters for a moment.
Reach: a) +9 halberd (distort)
Press: ? - help, Dir - move target, f/p - Azrael
Aim: Azrael, wielding a +0 scimitar of flaming (black smoke, moderately wounded, ally target, magic disrupted, about 11% to evade your +9 halberd of distortion)
You reach to attack!
You puncture Azrael!
Azrael wobbles for a moment.
Azrael is heavily wounded.
Your lorocyproca barely misses Azrael.
Azrael misses your lorocyproca.
Reach: a) +9 halberd (distort)
Press: ? - help, Dir - move target, f/p - Azrael
Aim: Azrael, wielding a +0 scimitar of flaming (black smoke, heavily wounded, ally target, magic disrupted, about 11% to evade your +9 halberd of distortion)
You reach to attack!
You slice Azrael!!
Space warps around Azrael.
Azrael is almost dead.
You hear a shout!
Your lorocyproca barely misses Azrael.
Reach: a) +9 halberd (distort)
Press: ? - help, Dir - move target, f/p - Azrael
Aim: Azrael, wielding a +0 scimitar of flaming (black smoke, almost dead, ally target, magic disrupted, about 11% to evade your +9 halberd of distortion)
You could not reach far enough!
Azrael gestures at you.
The sphere of damnation explodes!
The damnation engulfs you!!
You die...

Skill      XL: |  1  2  3  4  5  6  7  8  9 10 11 12 13 14 15 16 17 18 19 20 21 |
---------------+----------------------------------------------------------------+-----
Polearms       | 3 5 6 7 8 10 12 14 | 14.8
Evocations     | 3 5 6 8 10 12 | 12.1
Armour         | 5 7 9 10 12 | 12.3
Fighting       | 5 7 9 10 12 15 16 18 20 22 | 22.7
Dodging        | 4 9 12 13 14 16 17 | 17.1
Invocations    | 9 13 15 18 19 | 19.2

Action                     |  1- 3 |  4- 6 |  7- 9 | 10-12 | 13-15 | 16-18 | 19-21 || total
---------------------------+-------+-------+-------+-------+-------+-------+-------++-------
  Melee: Spear             |    72 |   101 |   176 |       |       |       |       ||   349
         Punch             |     1 |     2 |     3 |       |       |       |       ||     6
         Tailslap          |       |    10 |    39 |    15 |   154 |   377 |   286 ||   881
         Halberd           |       |       |   147 |   154 |   903 |  2043 |  1762 ||  5009
         Bite              |       |       |       |       |    48 |       |       ||    48
 Invoke: Depart the Abyss  |       |       |       |       |       |     1 |     1 ||     2
         Brand Weapon With |       |       |       |       |       |     1 |       ||     1
         Corrupt           |       |       |       |       |       |     1 |     1 ||     2
         Banish            |       |       |       |       |       |       |     1 ||     1
         Enter the Abyss   |       |       |       |       |       |       |     2 ||     2
  Evoke: Wand              |       |       |     2 |     7 |     8 |    32 |     3 ||    52
         Condenser vane    |       |       |       |       |     2 |     5 |     5 ||    12
         Lightning rod     |       |       |       |       |       |     9 |     5 ||    14
         Phial of floods   |       |       |       |       |       |       |     1 ||     1
    Use: Scroll            |     2 |     5 |     6 |     3 |    10 |    24 |    24 ||    74
         Potion            |     1 |     3 |     4 |     4 |     5 |    22 |    14 ||    53
   Stab: Sleeping          |     3 |     2 |     6 |       |       |     5 |    11 ||    27
         Invisible         |       |     1 |       |       |       |       |     1 ||     2
         Confused          |       |       |     7 |       |     3 |       |       ||    10
         Paralysed         |       |       |     1 |       |       |     2 |       ||     3
         Distracted        |       |       |       |     2 |     3 |    10 |     8 ||    23
         Held in net/web   |       |       |       |     1 |       |       |       ||     1
 Armour: Leather armour    |    21 |    26 |   171 |    46 |       |   521 |   774 ||  1559
         Chain mail        |       |       |       |    35 |   682 |   583 |       ||  1300
  Dodge: Dodged            |    31 |    31 |   123 |    47 |   391 |  1202 |  1690 ||  3515
  Block: Other             |       |       |       |       |       |    88 |   295 ||   383
         Reflection        |       |       |       |       |       |     5 |    32 ||    37

Levels and vault maps discovered:
D:1:      lightli_iron_boxes, layout_loops_ring, dreamdust_mushroom_princess,
          minmay_tetromino_l2
D:2:      layout_basic, serial_forest, infiniplex_forest_lined_corner,
          infiniplex_forest_lined_3_way, infiniplex_forest_end_2,
          infiniplex_forest_straight_1, infiniplex_forest_straight_3,
          infiniplex_forest_lined_4_way, hellmonk_ecumenical_altar_heavens_door,
          uniq_sigmund
D:3:      layout_loops_cross, minmay_misc_feat_more_columns, minmay_between
D:4:      layout_loops_ring, zin_treasury
D:5:      layout_rooms, chequers_temple_overflow_statue_of_worship,
          gammafunk_ghost_icy, serial_glass, glass_columns_c, glass_columns_c,
          uniq_crazy_yiuf_cottage
D:6:      layout_basic, amethyst_killhole, uniq_grinder, uniq_edmund
D:7:      layout_loops_cross, temple_statues, fountainhead,
          kennysheep_generic_room_8, uniq_prince_ribbit1, uniq_maggie
D:8:      old_forge, layout_basic, minmay_misc_feat_doors,
          hangedman_decor_peaks_small, uniq_erica
D:9:      layout_roguey, enter_bailey_6, minmay_joined_circles, uniq_jeremiah,
          uniq_grum, uniq_maurice
D:10:     layout_layer_cave, erik_lair_orcish_takeover, serial_shops,
          shop_statue, nicolae_straight_to_the_point
D:11:     layout_long_grid, orc_0_dummy, minmay_holes, hangedman_decor_opposing,
          hellmonk_guarded_unrand_cigotuvi
D:12:     layout_stronghold, nicolae_trove_entry_columns, serial_shops, shop,
          uniq_sonja, uniq_urug
D:13:     giant_chief_lemuel, layout_loops_ring, serial_shops,
          kennysheep_little_box, uniq_kirke
D:14:     layout_basic, david_vaults_3, chequers_serial_rivers_large_a,
          serial_shops, shop, grunt_decor_arrowhead, hangedman_tell_no_tales,
          uniq_louise
D:15:     gammafunk_enter_depths_forms, layout_cave_pools, elyvilon_altar_1,
          portal_ice_cave_entry_pillars_four
Lair:1:   layout_chaotic_city, basic_altar, chequers_serial_rivers_small_b,
          grunt_forest_small_clearing_treed
Lair:2:   layout_small_grid, minmay_shoals_entry_centaurs,
          nicolae_spider_entry_non_spiders
Lair:3:   layout_regular_city, infiniplex_staircase_pool
Lair:4:   layout_long_grid, minmay_slime_entry_jelly_boxes, hibernation_bobbens,
          uniq_snorg
Lair:5:   wormcave, layout_regular_city, hangedman_lair_caniforms_friends,
          gauntlet_entry_generic
Shoals:1: layout_shoals, serial_shops, shop
Shoals:2: layout_shoals, ebering_ghost_disaster_area, nicolae_shoals_loop_pool
Shoals:3: layout_shoals, st_sunken_huts
Shoals:4: shoals_end_grunt_ice, layout_shoals, shoals_ilsuiw_ice,
          nicolae_shop_overcharged_wands
Spider:1: layout_spider_delve, drop_trap, uniq_frances, uniq_asterion,
          uniq_azrael
Spider:2: layout_spider_delve
Spider:3: layout_chambers, uniq_arachne, uniq_roxanne
Spider:4: hellmonk_spider_rune_endless_swarm, nicolae_spider_scorpion_nest,
          uniq_aizul
Orc:1:    layout_caves
Orc:2:    hellmonk_orc_salted, layout_diamond_mine, gammafunk_ghost_cemetery,
          uniq_nessos
Elf:1:    layout_geoelf_grid, hangedman_elf_disciples, minmay_shop_grove
Elf:2:    nicolae_elf_blades_crystal_corner, layout_geoelf_octagon,
          serial_shops, nicolae_shop_just_a_little_nook,
          nicolae_shop_tiny_glass, shop, nicolae_shop_gibbet_a_chance,
          minmay_shoptagon
Vaults:1: nzn_ghost_randoct, vaults_mumra_hex, ontoclasm_vaults_shuriken,
          v_misc_27, nicolae_vaults_shipping_containers_4, v_rooms_4,
          nicolae_vaults_puzzle_piece, vaults_standard_mumra_lines,
          nicolae_vaults_tetromino_Z_2, nicolae_vaults_hexular_roomagon,
          vaults_mumra_hexcomb, layout_vaults_omnicross
Vaults:2: infiniplex_enter_wizlab_water, hangedman_vaults_capsules,
          nicolae_vaults_closet_pinwheel_6, nicolae_vaults_three_branches,
          v_alt_pattern_1, v_misc_14, nicolae_vaults_house_3, v_misc_16,
          v_misc_2, vaults_mumra_lcd, minmay_crypt_entry_nasty_monster,
          nicolae_vaults_alarming, layout_vaults_ring, serial_shops,
          nicolae_shop_real_fake_doors
Vaults:3: hangedman_vaults_slither, nicolae_vaults_stairing_the_circle,
          v_alt_pattern_4, nicolae_vaults_mini_display_case, v_misc_1,
          nicolae_vaults_doubleplus_tesselated, nicolae_vaults_big_angled_halls,
          nicolae_vaults_storage_room_water, nicolae_vaults_border_crossing,
          layout_vaults_quadrants, serial_shops, nicolae_shop_crystal
Vaults:4: hangedman_vaults_stream, vaults_mumra_chevron, grunt_vaults_bifocal,
          vaults_mumra_chevron_long, grunt_vaults_twisty,
          dpeg_vaults_hating_casters, v_misc_32, vaults_room_corners,
          v_alt_pattern_6, v_misc_24, nicolae_vaults_prndl,
          hangedman_vaults_impose, nicolae_vaults_little_squares_4,
          layout_vaults_omnibox
Depths:1: layout_gridlike, serial_shops, shop, hell_entry,
          abyss_entry_flame_altar, minivault_16,
          amcnicky_mini_rare_corridor_liquid, nicolae_shop_vocational,
          hangedman_decor_cross_pass
Abyss:3:  base: D:3, bh_abyss_exit_spiral, base: Vaults:1,
          evilmike_abyss_exit_9, onia_ninara_dug_in_and_dangerous,
          nicolae_abyss_rune_star_stuff, evilmike_abyss_exit_4, minivault_23,
          spicy_abyss_rude_harpoons, nicolae_abyss_rune_left_handed,
          evilmike_abyss_exit_mutagenic, base: Depths:2,
          gammafunk_abyss_rune_reverse_zot

Notes
Turn   | Place    | Note
-------+----------+-------------------------------------------
     0 | D:1      | demibob the Demonspawn Chaos Knight began the quest for the
                  | Orb.
     0 | D:1      | Reached XP level 1. HP: 18/18 MP: 1/1
    34 | D:1      | Reached skill level 3 in Polearms
   156 | D:1      | Gained mutation: A weak demonic guardian rushes to your
                  | aid. [demonic ancestry]
   156 | D:1      | Reached XP level 2. HP: 24/24 MP: 2/2
   239 | D:1      | XOM: divination: detect items
   686 | D:2      | XOM: stealth player
   741 | D:2      | Found a faded altar of an unknown god.
   778 | D:2      | XOM: silly message
  1185 | D:2      | Noticed Sigmund
  1200 | D:2      | Killed Sigmund
  1201 | D:2      | Reached skill level 5 in Polearms
  1201 | D:2      | Reached XP level 3. HP: 10/29 MP: 3/3
  1201 | D:2      | Gained mutation: You have a small tail. [demonic ancestry]
  1201 | D:2      | Reached XP level 4. HP: 12/35 MP: 4/4
  1201 | D:2      | Reached XP level 5. HP: 14/41 MP: 5/5
  1752 | D:3      | XOM: 4-stop teleportation journey
  1832 | D:3      | XOM: give mutation
  1832 | D:3      | Gained mutation: Your magical capacity is low. (-10% MP)
                  | [Xom's mischief]
  1869 | D:3      | Reached skill level 6 in Polearms
  1871 | D:3      | an orc priest changed into a swamp drake
  1871 | D:3      | Noticed a swamp drake
  1871 | D:3      | XOM: polymorph orc priest -> swamp drake
  1878 | D:3      | Lost mutation: Your magical capacity is low. (-10% MP)
                  | [potion of mutation]
  1878 | D:3      | Gained mutation: You occasionally lose the ability to drink
                  | potions when taking damage. [potion of mutation]
  1878 | D:3      | Gained mutation: A frigid envelope surrounds you and
                  | freezes all who hurt you. [potion of mutation]
  1878 | D:3      | Gained mutation: You are agile. (Dex +4, Str/Int -1)
                  | [potion of mutation]
  1886 | D:3      | Killed a swamp drake
  1887 | D:3      | Gained mutation: A demonic guardian rushes to your aid.
                  | [demonic ancestry]
  1887 | D:3      | Reached XP level 6. HP: 33/47 MP: 4/6
  2239 | D:3      | an orc changed into a shapeshifter
  2239 | D:3      | Noticed a shapeshifter (shapeshifter)
  2239 | D:3      | a shapeshifter changed into a queen bee
  2239 | D:3      | Noticed a queen bee (shapeshifter)
  2241 | D:3      | a queen bee changed into a shapeshifter
  2241 | D:3      | Noticed a shapeshifter (shapeshifter)
  2241 | D:3      | XOM: polymorph queen bee -> shapeshifter
  2241 | D:3      | a shapeshifter changed into a black bear
  2254 | D:3      | Reached skill level 7 in Polearms
  2459 | D:4      | Reached XP level 7. HP: 52/52 MP: 7/7
  2493 | D:4      | Reached skill level 1 in Evocations
  2561 | D:4      | XOM: polymorph gnoll bouda -> swamp drake
  2564 | D:4      | Reached skill level 2 in Evocations
  2564 | D:4      | XOM: confusion (+ monsters)
  2565 | D:4      | XOM: summons 3 hostile demons
  2568 | D:4      | XOM: blink monster(s)
  2569 | D:4      | XOM: confusion (+ monsters)
  2728 | D:4      | Reached skill level 8 in Polearms
  2728 | D:4      | Reached skill level 3 in Evocations
  3023 | D:4      | XOM: draining
  3161 | D:4      | Gained mutation: You are partially covered in icy blue
                  | scales. (AC +2) [demonic ancestry]
  3161 | D:4      | Reached XP level 8. HP: 52/52 MP: 8/8
  3354 | D:5      | Entered Level 5 of the Dungeon
  3387 | D:4      | XOM: summons 5 hostile demons
  3388 | D:4      | Noticed a red devil
  3388 | D:4      | Noticed an orange demon
  3407 | D:5      | Noticed Selrock's ghost (novice MiMo)
  3446 | D:5      | XOM: summons 3 friendly demons
  3463 | D:5      | Found a runed translucent gate.
  3464 | D:5      | Found a runed translucent gate.
  3465 | D:5      | Found a runed translucent gate.
  3484 | D:5      | Reached skill level 4 in Evocations
  3567 | D:5      | XOM: silly message
  3574 | D:5      | XOM: summons friendly white imp
  3583 | D:5      | XOM: confuse monster(s)
  3596 | D:5      | Found a shimmering blue altar of Sif Muna.
  3596 | D:5      | Found a bloodstained altar of Trog.
  3596 | D:5      | Found an ornate altar of the Wu Jian Council.
  3692 | D:5      | Reached skill level 5 in Evocations
  3738 | D:5      | Reached skill level 9 in Polearms
  3976 | D:5      | Found a runed translucent door.
  3977 | D:5      | Noticed Crazy Yiuf
  4234 | D:6      | XOM: confusion
  4312 | D:6      | Noticed Edmund
  4319 | D:6      | Killed Edmund
  4320 | D:6      | Reached skill level 10 in Polearms
  4322 | D:6      | Gained mutation: You are mostly covered in icy blue scales.
                  | (AC +3) [demonic ancestry]
  4322 | D:6      | Reached XP level 9. HP: 53/63 MP: 9/9
  4409 | D:6      | XOM: 6-stop teleportation journey
  4422 | D:6      | XOM: 1-stop teleportation journey
  4506 | D:6      | Noticed Grinder
  4510 | D:6      | Killed Grinder
  4966 | D:7      | Reached skill level 11 in Polearms
  5004 | D:7      | Noticed Maggie
  5012 | D:7      | Killed Maggie
  5015 | D:7      | XOM: 8-stop teleportation journey
  5085 | D:7      | Found a staircase to the Ecumenical Temple.
  5285 | D:7      | Reached skill level 12 in Polearms
  5372 | D:7      | Noticed Prince Ribbit
  5376 | D:7      | XOM: confuse monster(s)
  5381 | D:7      | Killed Prince Ribbit
  5442 | D:7      | XOM: god gift: robe {god gift}
  5451 | D:7      | XOM: summons 2 hostile demons
  5719 | D:8      | XOM: give mutations
  5719 | D:8      | Gained mutation: You are very agile. (Dex +8, Str/Int -2)
                  | [Xom's mischief]
  5719 | D:8      | Lost mutation: You occasionally lose the ability to drink
                  | potions when taking damage. [Xom's mischief]
  5719 | D:8      | Gained mutation: You have sharp fingernails. [Xom's
                  | mischief]
  5746 | D:8      | Gained mutation: You sometimes gain a little power by
                  | taking damage. [demonic ancestry]
  5746 | D:8      | Reached XP level 10. HP: 38/70 MP: 10/10
  6266 | D:8      | XOM: enchant monster (bad)
  6271 | D:8      | Reached skill level 13 in Polearms
  6343 | D:8      | Noticed Erica
  6353 | D:8      | Erica changed into Erica the snapping turtle
  6353 | D:8      | Noticed Erica
  6353 | D:8      | XOM: polymorph Erica -> Erica the snapping turtle
  6357 | D:8      | Killed Erica the snapping turtle
  6602 | D:8      | Identified the ring "Goaxuem" {rC+ rN+ rCorr MP+9 Dex-4}
  6610 | D:8      | XOM: cloud trail
  6697 | D:8      | Noticed a two-headed ogre
  6703 | D:8      | Killed a two-headed ogre
  6704 | D:8      | Reached skill level 6 in Evocations
  6753 | D:8      | XOM: god gift: scroll labelled CEH TIOGHUEC {god gift}
  6892 | D:8      | XOM: cast spell 'Summon Ice Beast'
  7168 | D:8      | XOM: cloud trail
  7174 | D:9      | XOM: noise
  7174 | D:9      | Noticed Jeremiah
  7179 | D:9      | Killed Jeremiah
  7180 | D:9      | Reached skill level 2 in Armour
  7253 | D:9      | Reached skill level 3 in Armour
  7289 | D:9      | Found a flagged portal.
  7299 | Bailey   | Entered a bailey
  7651 | Bailey   | Reached skill level 5 in Fighting
  7651 | Bailey   | Reached skill level 14 in Polearms
  7651 | Bailey   | Reached skill level 5 in Armour
  7651 | Bailey   | Reached XP level 11. HP: 81/81 MP: 11/11
  7652 | Bailey   | Reached skill level 7 in Fighting
  7652 | Bailey   | Reached skill level 7 in Armour
  7652 | Bailey   | Reached skill level 8 in Evocations
  7652 | Bailey   | Gained mutation: You have a tail ending in a sharp stinger.
                  | [demonic ancestry]
  7652 | Bailey   | Reached XP level 12. HP: 92/92 MP: 12/12
  7653 | Bailey   | Reached skill level 9 in Fighting
  7653 | Bailey   | Reached skill level 9 in Armour
  7653 | Bailey   | Gained mutation: You sometimes gain power by taking damage.
                  | [demonic ancestry]
  7653 | Bailey   | Reached XP level 13. HP: 102/102 MP: 13/13
  7654 | Bailey   | Reached skill level 10 in Fighting
  7654 | Bailey   | Reached skill level 4 in Dodging
  7654 | Bailey   | Gained mutation: You have a sharp stinger which inflicts
                  | weakening toxins. [demonic ancestry]
  7654 | Bailey   | Reached XP level 14. HP: 111/111 MP: 14/14
  7743 | D:9      | XOM: cloud trail
  7747 | D:9      | Noticed Grum
  7759 | D:9      | Killed Grum
  7764 | D:9      | XOM: noise
  7874 | D:9      | Reached skill level 11 in Fighting
  8061 | D:9      | Noticed Maurice
  8063 | D:9      | XOM: confusion
  8067 | D:9      | Killed Maurice
  8191 | D:9      | XOM: stat loss: -1 Dex (18/19)
  8199 | D:9      | XOM: polymorph yak -> jumping spider
  8589 | D:9      | XOM: noise
  8663 | D:9      | Identified 2 potions of resistance
  8679 | D:10     | Entered Level 10 of the Dungeon
  8825 | D:10     | XOM: give mutations
  8825 | D:10     | Gained mutation: You are dopey. (Int -2) [Xom's mischief]
  8825 | D:10     | Gained mutation: Your spells are a little harder to cast,
                  | but a little more powerful. [Xom's mischief]
  8825 | D:10     | Gained mutation: You have very sharp fingernails. [Xom's
                  | mischief]
  8825 | D:10     | Lost mutation: Your spells are a little harder to cast, but
                  | a little more powerful. [Xom's mischief]
  8930 | D:10     | XOM is BORED!
  8930 | D:10     | XOM: draining
  9041 | D:10     | Reached skill level 10 in Armour
  9052 | D:10     | XOM: confuse monster(s)
  9236 | D:10     | Found a staircase to the Lair.
  9281 | D:10     | XOM: 8-stop teleportation journey
  9333 | D:10     | XOM: summons friendly ufetubus
  9399 | D:10     | Found Reomunk's Antique Armour Emporium.
  9411 | D:10     | Bought a pair of faintly humming boots for 294 gold pieces
  9411 | D:10     | Identified the +0 pair of boots of Voty {rElec Int+3 Dex+2}
                  | (You bought it in a shop on level 10 of the Dungeon)
  9411 | D:10     | Bought a pair of spiked boots for 294 gold pieces
  9411 | D:10     | Identified the +1 pair of boots "Itza Rem" {rPois Regen+
                  | Int-5 Dex+3} (You bought it in a shop on level 10 of the
                  | Dungeon)
 10027 | D:10     | XOM: cloud trail
 10067 | Lair:1   | Entered Level 1 of the Lair of Beasts
 10080 | Lair:1   | Reached skill level 12 in Fighting
 10080 | Lair:1   | Reached XP level 15. HP: 115/120 MP: 15/15
 10094 | Lair:1   | XOM: summons 2 friendly demons
 10113 | Lair:1   | XOM: polymorph iron imp -> quasit
 10140 | Lair:1   | XOM: cast spell 'Summon Mana Viper'
 10240 | Lair:1   | XOM: silly message
 10488 | Lair:1   | Reached skill level 11 in Armour
 10683 | Lair:1   | Found a bloodstained altar of Trog.
 11043 | Lair:2   | Found a staircase to the Shoals.
 11046 | Lair:2   | You fall into a shaft and drop 2 floors!
 11121 | Lair:4   | XOM: smoke on damage
 11146 | Lair:4   | XOM: 3-stop teleportation journey
 11184 | Lair:4   | XOM: give mutations
 11184 | Lair:4   | Gained mutation: Armour fits poorly on your strangely
                  | shaped body. [Xom's mischief]
 11184 | Lair:4   | Gained mutation: You are somewhat resistant to further
                  | mutation. [Xom's mischief]
 11184 | Lair:4   | Lost mutation: A frigid envelope surrounds you and freezes
                  | all who hurt you. [Xom's mischief]
 11184 | Lair:4   | Lost mutation: Armour fits poorly on your strangely shaped
                  | body. [Xom's mischief]
 11253 | Lair:4   | Noticed Snorg
 11260 | Lair:4   | XOM: swap monsters
 11336 | Lair:4   | XOM: summons 1 hostile shadow creature
 11357 | Lair:4   | Found a staircase to the Slime Pits.
 11366 | Lair:4   | Reached skill level 13 in Fighting
 11378 | Lair:4   | XOM: divination: detect items
 11651 | Lair:4   | Killed Snorg
 12120 | Lair:4   | XOM: polymorph komodo dragon -> cyclops
 12379 | Lair:4   | XOM: give mutation
 12379 | Lair:4   | Gained mutation: You have very sharp teeth. [Xom's grace]
 12415 | Lair:5   | Entered Level 5 of the Lair of Beasts
 12479 | Lair:5   | XOM: cast spell 'Death Channel'
 12537 | Lair:5   | XOM: summons 2 friendly demons
 12715 | Lair:5   | Found a gate leading to a gauntlet.
 12721 | Gauntlet | Entered a Gauntlet
 12721 | Gauntlet | Found a transporter.
 12728 | Gauntlet | Found a transporter.
 12730 | Gauntlet | Found a transporter.
 12741 | Gauntlet | Found a transporter.
 12744 | Gauntlet | Found a transporter.
 12757 | Gauntlet | Found a transporter.
 12772 | Gauntlet | Found a transporter.
 12774 | Gauntlet | Found the ring of the Mage {Wiz Archmagi}
 12785 | Gauntlet | Found a transporter.
 12797 | Gauntlet | Found a transporter.
 12812 | Gauntlet | Found a transporter.
 12822 | Gauntlet | Found a transporter.
 12822 | Gauntlet | Found a transporter.
 12868 | Gauntlet | Found a transporter.
 12882 | Gauntlet | Found a transporter.
 12967 | Gauntlet | XOM: summons friendly orange demon
 12976 | Gauntlet | XOM: summons 7 hostile demons
 13020 | Gauntlet | Reached skill level 12 in Armour
 13058 | Gauntlet | Identified the +0 pair of gloves of Giaciym {Drain Str+5}
 13114 | Gauntlet | Identified the staff "Samoeb" {Contam rElec rN+++ Str-4
                  | Dex+9 Air}
 13230 | Lair:5   | XOM: silly message
 13250 | Lair:5   | XOM: enchant monster (bad)
 13264 | Lair:5   | Reached skill level 14 in Fighting
 13329 | Lair:5   | XOM: swap monsters
 13482 | Lair:5   | Reached skill level 9 in Evocations
 13660 | Lair:5   | XOM: give mutations
 13660 | Lair:5   | Gained mutation: You possess an exceptional clarity of
                  | mind. [Xom's mischief]
 13660 | Lair:5   | Gained mutation: You are covered in fur. (AC +1) [Xom's
                  | mischief]
 13660 | Lair:5   | Lost mutation: You have very sharp teeth. [Xom's mischief]
 13660 | Lair:5   | Gained mutation: A frigid envelope surrounds you and
                  | freezes all who hurt you. [Xom's mischief]
 13728 | Lair:5   | XOM: confuse monster(s)
 13733 | Lair:5   | XOM: divination: detect items
 14042 | Lair:5   | Found a runed translucent door.
 14070 | Lair:5   | XOM: confuse monster(s)
 14079 | Lair:5   | XOM: divination: detect creatures
 14138 | Lair:5   | XOM: summons friendly ufetubus
 14229 | Lair:5   | XOM: divination: magic mapping
 14249 | Lair:5   | Reached skill level 10 in Evocations
 14408 | Lair:5   | Reached skill level 15 in Fighting
 14551 | Lair:3   | Gained mutation: You are powered by pain. [demonic
                  | ancestry]
 14551 | Lair:3   | Reached XP level 16. HP: 79/136 MP: 16/16
 15199 | Lair:3   | XOM: give mutation
 15199 | Lair:3   | Gained mutation: Your magical capacity is low. (-10% MP)
                  | [Xom's mischief]
 15272 | Lair:2   | XOM: polymorph komodo dragon -> redback
 15354 | Lair:2   | Found a hole to the Spider Nest.
 15509 | Lair:2   | XOM: silly message
 15639 | Lair:2   | XOM: divination: detect items
 15688 | Lair:2   | XOM: divination: detect items
 16016 | D:10     | Identified the +10 morningstar of demibob's Bloody Death
                  | {heavy, rC+ Dex+3}
 16270 | D:11     | Found the +4 Cigotuvi's embrace {Corpsefed rMiasma Drain
                  | rN+}
 16523 | D:11     | Reached skill level 5 in Dodging
 16542 | D:11     | XOM is BORED!
 16542 | D:11     | XOM: silly message
 16628 | D:11     | Found a staircase to the Orcish Mines.
 16820 | Orc:1    | Entered Level 1 of the Orcish Mines
 16858 | Orc:1    | XOM: swap monsters
 16904 | Abyss:3  | Found a corrupted altar of Lugonu.
 16904 | Abyss:3  | Cast into level 3 of the Abyss (Xom)
 16911 | Abyss:3  | Fell from the grace of Xom
 16911 | Abyss:3  | Became a worshipper of Lugonu the Unformed
 16911 | Abyss:3  | Reached * piety under Lugonu
 16911 | Abyss:3  | Reached ** piety under Lugonu
 16913 | Orc:1    | You pass through the gate.
 16913 | Orc:1    | Escaped the Abyss
 17106 | Orc:2    | Entered Level 2 of the Orcish Mines
 17448 | Orc:2    | Noticed Nessos
 17480 | Orc:2    | Reached skill level 1 in Invocations
 17552 | Orc:2    | Nessos changed into something unseen
 17558 | Orc:2    | Killed Nessos the unseen horror
 17724 | Orc:2    | Reached skill level 2 in Invocations
 17764 | Orc:2    | Reached skill level 6 in Dodging
 17774 | Orc:2    | Reached skill level 3 in Invocations
 17791 | Orc:2    | Paralysed by an orc sorcerer for 4 turns
 17813 | Orc:2    | Found Teodot's Armour Boutique.
 17895 | Orc:2    | Found Qachofom's Armour Boutique.
 17906 | Orc:2    | Bought a +2 hat of willpower for 315 gold pieces
 17942 | Orc:2    | Reached skill level 4 in Invocations
 18122 | Orc:2    | Found Wuce's Antique Weapon Emporium.
 18155 | Orc:2    | Found Xipnuat's General Store.
 18161 | Orc:2    | Reached skill level 5 in Invocations
 18215 | Orc:2    | Bought a potion of curing for 42 gold pieces
 18272 | Orc:2    | Found a runed translucent gate.
 18273 | Orc:2    | Found a runed translucent gate.
 18274 | Orc:2    | Found a runed translucent gate.
 18276 | Orc:2    | Noticed MathMan16's ghost (journeyman MiBe)
 18276 | Orc:2    | Noticed Joey1's ghost (journeyman TrSh)
 18287 | Orc:2    | Found a staircase to the Elven Halls.
 18473 | Orc:2    | Reached skill level 7 in Dodging
 18523 | Orc:2    | XOM: summons 1 hostile demon
 18583 | Orc:1    | Reached *** piety under Lugonu
 18728 | D:12     | Reached skill level 6 in Invocations
 18737 | D:12     | XOM: 4-stop teleportation journey
 18885 | D:12     | Found Ethaevof's Jewellery Shoppe.
 18921 | D:12     | Noticed Sonja
 18929 | D:12     | Killed Sonja
 19061 | D:12     | Found a portal to a secret trove of treasure.
 19319 | D:12     | Noticed Urug
 19337 | D:12     | Killed Urug
 19395 | D:12     | XOM: noise
 19517 | D:12     | Reached skill level 7 in Invocations
 19816 | D:13     | Reached **** piety under Lugonu
 19885 | D:13     | Reached skill level 8 in Dodging
 19890 | D:13     | Reached skill level 8 in Invocations
 20213 | D:13     | XOM: noise
 20392 | D:13     | Noticed Kirke
 20402 | D:13     | Noticed a sphinx
 20406 | D:13     | Noticed a sphinx
 20406 | D:13     | Killed Kirke
 20407 | D:13     | Reached skill level 9 in Invocations
 20536 | D:13     | Found Ramovom's General Store.
 20541 | D:13     | Bought a scroll of enchant armour for 90 gold pieces
 20608 | D:13     | XOM: cloud trail
 20949 | D:13     | XOM: polymorph soul eater -> sun demon
 21032 | D:13     | Reached skill level 9 in Dodging
 21039 | D:13     | Reached XP level 17. HP: 144/144 MP: 21/21
 21091 | D:13     | Reached ***** piety under Lugonu
 21102 | D:13     | Reached skill level 10 in Invocations
 21432 | D:13     | Identified the +0 dagger of Youthful Indiscretion {pain,
                  | Dex+3}
 21433 | D:13     | Identified the +2 dagger "Nidin" {freeze, SInv Stlth+}
 21628 | D:14     | Noticed Louise
 21650 | D:14     | Killed Louise
 21699 | D:14     | Reached skill level 11 in Invocations
 21743 | D:14     | Noticed Lodul
 21881 | D:14     | Killed Lodul
 21967 | D:14     | Found a gate to the Vaults.
 22057 | D:14     | Reached skill level 10 in Dodging
 22205 | D:14     | Found Bohourch's Magic Scroll Shoppe.
 22213 | D:14     | Bought a scroll of enchant armour for 127 gold pieces
 22213 | D:14     | Bought a scroll of teleportation for 51 gold pieces
 22742 | D:14     | Reached skill level 12 in Invocations
 22961 | D:15     | Entered Level 15 of the Dungeon
 22980 | D:15     | Found a frozen archway.
 22989 | IceCv    | Entered an ice cave
 23301 | IceCv    | XOM: summons 8 hostile demons
 23504 | IceCv    | Reached skill level 13 in Invocations
 23635 | IceCv    | Reached skill level 11 in Dodging
 23684 | IceCv    | XOM: noise
 23825 | IceCv    | Identified a +0 crystal plate armour of cold resistance
 24591 | IceCv    | Identified the +1 pair of gloves "Qiquruir" {Dex+4 Slay+3}
 25068 | D:15     | Reached skill level 16 in Fighting
 25400 | D:15     | Reached ****** piety under Lugonu
 25492 | D:15     | XOM: summons 7 hostile demons
 25522 | D:15     | XOM: summons 4 hostile demons
 25636 | D:15     | Found a staircase to the Depths.
 25674 | D:15     | Identified a +4 halberd of distortion (a +2 halberd of
                  | electrocution corrupted by Lugonu)
 25674 | D:15     | Received a gift from Lugonu
 25863 | Spider:1 | Entered Level 1 of the Spider Nest
 25874 | Spider:1 | XOM: blink monster(s)
 25948 | Spider:1 | XOM: summons 5 hostile demons
 25949 | Spider:1 | Reached skill level 12 in Dodging
 25961 | Spider:1 | Noticed Azrael
 25972 | Spider:1 | Banished Azrael
 26281 | Spider:1 | Noticed Asterion
 26387 | Spider:1 | Reached XP level 18. HP: 63/141 MP: 25/25
 26902 | Spider:1 | Killed Asterion
 26928 | Spider:1 | Noticed Frances
 26944 | Spider:1 | Killed Frances
 27035 | Spider:1 | XOM: summons 4 hostile demons
 27547 | Spider:2 | XOM: give mutations
 27547 | Spider:2 | Gained mutation: Your system is resistant to poisons.
                  | (rPois) [Xom's mischief]
 27547 | Spider:2 | Lost mutation: You are dopey. (Int -2) [Xom's mischief]
 27547 | Spider:2 | Lost mutation: Your system is resistant to poisons. (rPois)
                  | [Xom's mischief]
 27547 | Spider:2 | Gained mutation: Your magical capacity is very low. (-20%
                  | MP) [Xom's mischief]
 28233 | Spider:3 | Noticed Roxanne
 28240 | Spider:3 | Reached skill level 17 in Fighting
 28249 | Spider:3 | Banished Roxanne
 28454 | Spider:3 | XOM: summons 14 hostile demons
 28564 | Spider:3 | Reached skill level 13 in Dodging
 28706 | Spider:3 | XOM: swap monsters
 28788 | Spider:3 | Noticed Arachne
 28796 | Spider:3 | Banished Arachne
 29209 | Spider:3 | XOM: give mutations
 29209 | Spider:3 | Lost mutation: You possess an exceptional clarity of mind.
                  | [Xom's mischief]
 29209 | Spider:3 | Lost mutation: A frigid envelope surrounds you and freezes
                  | all who hurt you. [Xom's mischief]
 30257 | Spider:4 | Entered Level 4 of the Spider Nest
 30310 | Spider:4 | XOM: enchant monster (bad)
 30310 | Spider:4 | Was forgiven by Xom
 30420 | Spider:4 | Noticed Aizul
 30430 | Spider:4 | Reached skill level 14 in Invocations
 30434 | Spider:4 | Killed Aizul
 30445 | Spider:4 | Corrupted Spider:4
 30445 | Spider:4 | Noticed a Hell Sentinel
 30727 | Spider:4 | Reached skill level 18 in Fighting
 31129 | Spider:4 | Reached skill level 15 in Invocations
 31251 | Spider:4 | Got a gossamer rune of Zot
 32136 | Vaults:1 | Entered Level 1 of the Vaults
 32422 | Vaults:1 | Reached XP level 19. HP: 147/165 MP: 24/24
 32641 | Vaults:1 | Reached skill level 16 in Invocations
 32881 | Vaults:1 | Noticed LobsterGuardian's ghost (adept DrCj)
 32891 | Vaults:1 | Found a transporter.
 32903 | Vaults:1 | Found a transporter.
 33112 | Vaults:1 | Reached skill level 19 in Fighting
 33625 | Vaults:1 | Reached skill level 17 in Invocations
 34603 | Vaults:2 | Found a magical portal.
 34614 | WizLab   | Entered Yara's Duelist Academy
 34761 | WizLab   | Corrupted WizLab
 35072 | WizLab   | Noticed Kyiffio
 35091 | WizLab   | Banished Kyiffio the Head Instructor
 35309 | WizLab   | Got Yara's Papyrus of Malediction
 35329 | WizLab   | Got Yara's Octavo of Jinxing
 35709 | Vaults:2 | Reached skill level 18 in Invocations
 35851 | Vaults:2 | Found Busaor Sych's Book Boutique.
 36336 | Vaults:2 | Noticed a bone dragon
 36343 | Vaults:2 | Banished a bone dragon
 36371 | Vaults:2 | Found a staircase to the Crypt.
 36491 | Vaults:2 | Reached skill level 20 in Fighting
 36492 | Vaults:2 | Reached skill level 14 in Dodging
 37158 | Vaults:3 | Found Xyddorch's Armour Boutique.
 37782 | Vaults:3 | Gained mutation: You are completely covered in icy blue
                  | scales. (AC +4, rC+) [demonic ancestry]
 37782 | Vaults:3 | Reached XP level 20. HP: 168/177 MP: 26/26
 38826 | Vaults:4 | Reached skill level 15 in Dodging
 39307 | Vaults:4 | Reached skill level 21 in Fighting
 40640 | Shoals:1 | Entered Level 1 of the Shoals
 40812 | Shoals:1 | Reached skill level 16 in Dodging
 41088 | Shoals:1 | Found Poofaf's General Store.
 41657 | Shoals:2 | Found a large runed translucent door.
 41657 | Shoals:2 | Found a large runed translucent door.
 41669 | Shoals:2 | Noticed killozap's ghost (adept DsNe)
 43034 | Shoals:4 | Entered Level 4 of the Shoals
 43038 | Shoals:4 | Reached skill level 22 in Fighting
 43051 | Shoals:4 | Reached XP level 21. HP: 161/189 MP: 27/27
 43300 | Abyss:3  | HP: 8/189 [poisoned by you (poison gas)]
 43334 | Abyss:3  | Found a corrupted altar of Lugonu.
 43814 | Shoals:4 | You pass through the gate.
 43814 | Shoals:4 | Escaped the Abyss
 43984 | Shoals:4 | Reached skill level 17 in Dodging
 44195 | Shoals:4 | Got a barnacled rune of Zot
 44470 | Depths:1 | Entered Level 1 of the Depths
 45099 | Depths:1 | Found Niqaghil's Vocational Training.
 45216 | Depths:1 | Bought a manual of Evocations for 1040 gold pieces
 45216 | Depths:1 | Bought a manual of Invocations for 1040 gold pieces
 45389 | Elf:1    | Entered Level 1 of the Elven Halls
 45401 | Elf:1    | Reached skill level 11 in Evocations
 45741 | Elf:1    | Identified the +3 leather armour "Rubolida" {rElec rF+
                  | Will++ Str-3}
 46186 | Elf:1    | Paralysed by an air elemental for 1 turns
 46195 | Elf:1    | Found Meytweu's Book Shoppe.
 46196 | Elf:1    | Found Plog's Jewellery Shop.
 46198 | Elf:1    | Found Goits's Book Shoppe.
 46204 | Elf:1    | Bought a manual of Polearms for 1120 gold pieces
 46211 | Elf:1    | Upgraded the game from 0.31-a0-675-g238779eb0a to
                  | 0.31-a0-691-g409c26aa35
 46286 | Elf:2    | Found a runed translucent gate.
 46286 | Elf:2    | Found a runed translucent gate.
 46287 | Elf:2    | Found a runed translucent gate.
 46307 | Elf:2    | Reached skill level 19 in Invocations
 46321 | Abyss:3  | HP: 17/190 [poisoned by a +6 war axe of venom]
 46326 | Abyss:3  | HP: 14/190 [poisoned by a +6 war axe of venom]
 46339 | Abyss:3  | Banished Arachne
 46340 | Abyss:3  | Reached skill level 12 in Evocations
 46377 | Abyss:3  | Killed from afar by Azrael

Vanquished Creatures
  A bone dragon (Abyss:3)
  Asterion (Spider:1)
  A quicksilver dragon (WizLab)
  2 sphinxes
  A storm dragon (Vaults:4)
  Frances (Spider:1)
  Aizul (Spider:4)
  Kirke (D:13)
  5 emperor scorpions
  A draconian knight (WizLab)
  2 fire giants (Depths:1)
  3 frost giants
  A ghost moth (Spider:1)
  A deep elf sorcerer (Elf:1)
  7 vault wardens
  A draconian annihilator (Abyss:3)
  10 ironbound preservers
  3 broodmothers
  A formless jellyfish (Vaults:4)
  4 war gargoyles
  4 ironbound thunderhulks
  2 deep elf demonologists
  A very ugly thing (Vaults:4)
  2 vampire knights
  A minotaur (Gauntlet)
  A white draconian (IceCv)
  2 spark wasps
  7 dire elephants
  3 ettins
  Snorg (Lair:4)
  6 merfolk impalers
  3 merfolk javelineers
  A fire dragon (Lair:5)
  7 entropy weavers
  2 vault guards
  9 great orbs of eyes
  8 yaktaur captains
  3 hydras
  4 rakshasas (D:15)
  3 peacekeepers
  2 catoblepae
  2 merfolk aquamancers
  9 centaur warriors
  3 merfolk avatars
  5 boulder beetles
  8 ironbound frosthearts
  An ogre mage (D:14)
  2 spriggan air magi (WizLab)
  A radroach (Spider:4)
  16 two-headed ogres
  6 dancing weapons
  5 demonic crawlers
  A vampire mage (WizLab)
  6 thrashing horrors (Abyss:3)
  Urug (D:12)
  An orc high priest (Orc:2)
  A deep troll earth mage (Depths:1)
  A tengu warrior (D:11)
  Sonja (D:12)
  10 deep elf knights
  A hell knight (WizLab)
  2 iron trolls (D:15)
  7 sea snakes
  Lodul (D:14)
  5 pharaoh ants
  2 skysharks
  29 deep trolls
  A wretched star (Abyss:3)
  2 glowing orange brains
  A deep elf archer (Elf:1)
  An orange crystal statue (IceCv)
  12 orb spiders
  9 lindwurms
  3 steelbarb worms
  12 ironbound convokers
  3 starcursed masses (Abyss:3)
  11 deep elf zephyrmancers
  12 orc knights
  10 wizards
  14 deep elf pyromancers
  2 mana vipers (WizLab)
  23 harpies
  2 necromancers
  5 fauns (Shoals:2)
  42 ugly things
  11 manticores
  5 orc sorcerers
  20 cyclopes
  16 wolf spiders
  An elephant (shapeshifter) (D:15)
  An ice statue (Gauntlet)
  2 centaur zombies (D:11)
  8 black mambas
  Maurice (D:9)
  A naga mage (WizLab)
  10 cane toads
  2 water nymphs
  12 torpor snails
  A gargoyle (Gauntlet)
  4 elephants (Lair:5)
  An orange demon (Abyss:3)
  A storm dragon simulacrum (Depths:1)
  4 merfolk sirens
  5 vault sentinels
  A centaur skeleton (D:11)
  Jeremiah (D:9)
  5 komodo dragons
  3 freezing wraiths
  18 yaktaurs
  19 rime drakes
  3 unseen horrors
  Maggie (D:7)
  9 trolls
  2 tengu conjurers (WizLab)
  A harpy zombie (D:11)
  3 hellwings (D:11)
  21 merfolk
  2 wind drakes
  3 large abominations
  4 meliai
  24 polar bears
  3 tyrant leeches (Lair:5)
  7 hornets
  4 saltlings (Orc:2)
  12 tarantellas
  24 blink frogs
  Grinder (D:6)
  Prince Ribbit (D:7)
  6 dream sheep (Lair:5)
  A spriggan zombie (Depths:1)
  11 jumping spiders
  7 snapping turtles
  Sigmund (D:2)
  5 water elementals
  21 culicivoras
  42 slime creatures
  4 wraiths
  An air elemental (Elf:1)
  4 wyverns
  3 vampires
  36 yaks
  4 hogs (D:13)
  Grum (D:9)
  5 basilisks
  16 humans (D:14)
  34 redbacks
  2 chaos spawn (Abyss:3)
  2 steam dragons
  14 wargs
  6 vampire mosquitoes
  Edmund (D:6)
  22 hell hounds
  An acid dragon (D:10)
  11 water moccasins
  A glowing shapeshifter skeleton (Depths:1)
  3 small abominations
  9 black bears
  17 orc warriors
  3 sky beasts
  A swamp drake (D:3)
  An ice beast (D:6)
  10 ogres
  An ogre (shapeshifter) (D:3)
  35 wolves
  2 boggarts (Elf:1)
  8 centaurs
  A phantom (D:5)
  2 kobold brigands
  13 bullfrogs
  2 earth elementals (Elf:1)
  13 scorpions
  17 wights
  6 killer bees (D:11)
  A troll skeleton (D:14)
  5 electric eels
  5 spriggan skeletons (D:14)
  6 howler monkeys
  7 hounds
  14 jellies
  15 orc priests
  2 gnoll boudas
  5 hell rats (Lair:5)
  3 iguanas
  20 orc wizards
  21 gnolls
  7 adders
  2 worms
  A dart slug (D:3)
  77 orcs
  11 bats
  7 endoplasms
  3 giant cockroaches
  5 goblins
  4 hobgoblins
  3 jackals (D:4)
  9 kobolds
  6 quokkas
  6 ball pythons
  A frilled lizard (D:2)
  3 rats
  A spectral weapon (Spider:1)
1346 creatures vanquished.

Vanquished Creatures (collateral kills)
  A fire giant (Depths:1)
  Louise (D:14)
  An orc warlord (Vaults:1)
  An ettin (D:13)
  A centaur warrior (Shoals:1)
  An ironbound frostheart (Abyss:3)
  A skyshark (Lair:3)
  2 deep trolls
  An ugly thing (Vaults:3)
  A cyclops (D:13)
  A necromancer (Depths:1)
  An orc knight (Vaults:1)
  A moth of wrath (Spider:1)
  A water nymph (Shoals:2)
  A komodo dragon (Lair:4)
  A rime drake (Gauntlet)
  A yaktaur (Vaults:3)
  A tarantella (Spider:4)
  3 polar bears
  5 yaks (Lair:1)
  A redback (Spider:1)
  A swamp drake (D:4)
  4 black bears (Lair:5)
  An orc warrior (Orc:2)
  2 centaurs (D:9)
  A kobold brigand (D:9)
  A bullfrog (D:9)
  A gnoll bouda (D:5)
  5 gnolls
  An adder (D:5)
  2 orcs (D:5)
47 creatures vanquished.

Vanquished Creatures (others)
  A draconian knight (WizLab)
  7 emperor scorpions (Spider:4)
  2 broodmothers (Spider:4)
  An entropy weaver (Spider:4)
  2 radroaches (Spider:4)
  A boulder beetle (Spider:4)
  A demonic crawler (Spider:4)
  A sun moth (Spider:4)
  A deep troll (Vaults:3)
  3 orb spiders (Spider:4)
  A harpy (Shoals:4)
  2 steelbarb worms (Spider:4)
  8 wolf spiders (Spider:4)
  A mana viper (WizLab)
  A naga mage (WizLab)
  A tengu conjurer (WizLab)
  4 tarantellas
  3 jumping spiders (Spider:4)
  A culicivora (Spider:4)
  7 redbacks (Spider:4)
  A spatial vortex (Abyss:3)
  A wolf (D:13)
  A small abomination (Abyss:3)
  A goblin zombie (D:3)
  32 starspawn tentacles (Spider:4)
85 creatures vanquished.

Grand Total: 1478 creatures vanquished

Table legend: (Time is in decaauts)
 A = Elapsed time spent in this place.
 B = Non-inter-level travel time spent in this place.
 C = Inter-level travel time spent in this place.
 D = Time resting spent in this place.
 E = Time spent auto-exploring this place.
 F = Levels seen in this place.
 G = Mean time per level.
                   A        B        C        D        E       F      G
               +--------+--------+--------+--------+--------+-----+--------+
         Total |  45567 |  43089 |   2478 |   6389 |  28143 |  44 | 1035.6 |
       Dungeon |  16694 |  15421 |   1273 |   1189 |  11490 |  15 | 1112.9 |
          Lair |   5551 |   5141 |    410 |    164 |   3880 |   5 | 1110.2 |
        Shoals |   3261 |   3049 |    212 |    461 |   1847 |   4 |  815.2 |
   Spider Nest |   5990 |   5710 |    280 |   1787 |   2862 |   4 | 1497.5 |
  Orcish Mines |   1827 |   1737 |     90 |    131 |   1257 |   2 |  913.5 |
   Elven Halls |    895 |    879 |     16 |    107 |    520 |   2 |  447.5 |
        Vaults |   7398 |   7233 |    165 |   1051 |   4979 |   4 | 1849.5 |
        Depths |    352 |    323 |     29 |     86 |    146 |   1 |  352.0 |
         Abyss |    559 |    559 |      0 |    360 |      0 |   3 |  186.3 |
        Bailey |    350 |    350 |      0 |     48 |    179 |   1 |  350.0 |
      Ice Cave |   1573 |   1573 |      0 |    701 |    503 |   1 | 1573.0 |
        Wizlab |    728 |    728 |      0 |    287 |    237 |   1 |  728.0 |
      Gauntlet |    385 |    385 |      0 |     13 |    241 |   1 |  385.0 |
               +--------+--------+--------+--------+--------+-----+--------+

Top non-repeatable levels by time:
Vaults:1: 2355 daAuts
Spider:3: 1998 daAuts
Vaults:4: 1880 daAuts
    D:13: 1747 daAuts
Vaults:2: 1655 daAuts
  Lair:5: 1624 daAuts
Spider:4: 1624 daAuts
Spider:1: 1614 daAuts
   IceCv: 1573 daAuts
    D:15: 1559 daAuts
    D:10: 1536 daAuts
Vaults:3: 1507 daAuts
   Orc:2: 1456 daAuts
    D:14: 1455 daAuts
  Lair:4: 1385 daAuts

Table legend:
 A = Non-vault XP
 B = Vault XP
 C = Vault XP percentage of total XP
 D = Non-vault monster count
 E = Vault monster count
 F = Vault count percentage of total count
                 A         B        C        D         E       F
            +---------+---------+-------+---------+---------+-------
      Total |  327453 |  249862 |  43.3 |     926 |     549 |  37.2
            +---------+---------+-------+---------+---------+-------
        D:1 |      18 |       3 |  14.3 |      11 |       2 |  15.4
        D:2 |      17 |     239 |  93.4 |      11 |       1 |   8.3
        D:3 |     449 |       6 |   1.3 |      20 |       3 |  13.0
        D:4 |     728 |       0 |   0.0 |      31 |       0 |   0.0
        D:5 |     825 |       0 |   0.0 |      31 |       0 |   0.0
        D:6 |     955 |     434 |  31.2 |      22 |       2 |   8.3
        D:7 |     766 |     624 |  44.9 |      14 |       2 |  12.5
        D:8 |    2557 |     512 |  16.7 |      31 |      12 |  27.9
        D:9 |    3824 |    3245 |  45.9 |      20 |      23 |  53.5
       D:10 |    3969 |     620 |  13.5 |      22 |       9 |  29.0
       D:11 |    4724 |    2558 |  35.1 |      27 |       7 |  20.6
       D:12 |    6093 |    1581 |  20.6 |      21 |       2 |   8.7
       D:13 |    9252 |   17450 |  65.4 |      25 |      35 |  58.3
       D:14 |   13634 |    8014 |  37.0 |      24 |      28 |  53.8
       D:15 |    9826 |    5549 |  36.1 |      18 |      10 |  35.7
     Lair:1 |   10542 |       0 |   0.0 |      45 |       0 |   0.0
     Lair:2 |    4083 |    1503 |  26.9 |      22 |      11 |  33.3
     Lair:3 |    2892 |       0 |   0.0 |      10 |       0 |   0.0
     Lair:4 |    4003 |    1853 |  31.6 |      12 |      14 |  53.8
     Lair:5 |   12607 |   16207 |  56.2 |      44 |      73 |  62.4
   Shoals:1 |   11580 |       0 |   0.0 |      23 |       0 |   0.0
   Shoals:2 |   13463 |       0 |   0.0 |      27 |       0 |   0.0
   Shoals:3 |   12035 |    6162 |  33.9 |      24 |       9 |  27.3
   Shoals:4 |    5761 |    8656 |  60.0 |      11 |      15 |  57.7
   Spider:1 |   17776 |    4907 |  21.6 |      45 |       8 |  15.1
   Spider:2 |    5941 |       0 |   0.0 |      15 |       0 |   0.0
   Spider:3 |   22766 |    3589 |  13.6 |      49 |       2 |   3.9
   Spider:4 |   13948 |   19638 |  58.5 |      32 |      32 |  50.0
      Orc:1 |    1895 |       0 |   0.0 |      24 |       0 |   0.0
      Orc:2 |    5242 |   12000 |  69.6 |      35 |      27 |  43.5
      Elf:1 |   12015 |    5065 |  29.7 |      21 |       9 |  30.0
      Elf:2 |       0 |   10582 | 100.0 |       0 |      15 | 100.0
   Vaults:1 |   24673 |   25712 |  51.0 |      37 |      39 |  51.3
   Vaults:2 |   17008 |   10094 |  37.2 |      25 |      10 |  28.6
   Vaults:3 |   12382 |   19535 |  61.2 |      16 |      30 |  65.2
   Vaults:4 |   33673 |   20416 |  37.7 |      44 |      27 |  38.0
   Depths:1 |   11180 |       0 |   0.0 |      13 |       0 |   0.0
    Abyss:3 |   14351 |    4466 |  23.7 |      24 |       2 |   7.7
     Bailey |       0 |     274 | 100.0 |       0 |      17 | 100.0
      IceCv |       0 |   22482 | 100.0 |       0 |      49 | 100.0
     WizLab |       0 |   12128 | 100.0 |       0 |      16 | 100.0
   Gauntlet |       0 |    3758 | 100.0 |       0 |       8 | 100.0
            +---------+---------+-------+---------+---------+-------
